 Dungeon Crawl Stone Soup version 0.30.1-3-gfc49f6343a (webtiles) character file.

Game seed: 4244569738383330245

135 Peloso the Covered (level 4, -6/41 HPs)
             Began as a Minotaur Fighter on July 30, 2023.
             Killed from afar by Ijyb (17 damage)
             ... with an iceblast
             ... on level 3 of the Dungeon.
             The game lasted 00:04:29 (1940 turns).

Peloso the Covered (Minotaur Fighter)               Turns: 1940, Time: 00:04:30

Health: -6/41      AC:  9    Str: 24    XL:     4   Next: 96%
Magic:  3/3        EV:  8    Int:  4    God:
Gold:   80         SH:  4    Dex: 11    Spells: 3/3 levels left

rFire   . . .        a - +0 long sword
rCold   . . .        d - +0 buckler
rNeg    . . .        c - +0 chain mail
rPois   .            (helmet restricted)
rElec   .            (no cloak)
rCorr   .            (no gloves)
SInv    .            (no boots)
Will    .....        (no amulet) Stlth
                     (no ring)
HPRegen 0.26/turn    (no ring)
MPRegen 0.08/turn

%: no passive effects
@: no status effects
A: horns 2, retaliatory headbutt, strong 1
a: no special abilities


You were on level 3 of the Dungeon.
You visited 1 branch of the dungeon, and saw 3 of its levels.

You collected 80 gold pieces.

Inventory:

Hand Weapons
 a - a +0 long sword (weapon)
Armour
 b - a +0 scale mail
 c - a +0 chain mail (worn)
 d - a +0 buckler (worn)
Scrolls
 e - a scroll of noise {unknown}
 g - 3 scrolls of fog
 i - a scroll of immolation {unknown}
 l - a scroll of identify {unknown}
 m - a scroll of enchant weapon {unknown}
 o - a scroll of teleportation
Potions
 h - a potion of lignification
 n - a potion of might


   Skills:
 + Level 4.4 Fighting
 + Level 4.3 Long Blades
 + Level 4.5 Armour
 + Level 1.0 Dodging
 + Level 4.1 Shields


You had 3 spell levels left.
You didn't know any spells.
Your spell library contained the following spells:

 Spells                   Type           Power      Damage    Failure   Level
 Sublimation of Blood     Necr           0%         N/A       99%         2
 Wereblood                Tmut           0%         N/A       99%         2
 Summon Hydra             Summ           0%         N/A       100%        7


Dungeon Overview and Level Annotations

Branches:
Dungeon (3/15)

Altars:

Annotations:
D:3 Ijyb


Innate Abilities, Weirdness & Mutations

You have a pair of horns on your head.
You reflexively headbutt those who attack you in melee.
Your muscles are strong. (Str +4, Int/Dex -1)


Message History

The gnoll attacks as you move away! The gnoll hits you with a +0 whip.
Ijyb attacks as you move away! Ijyb hits you but does no damage.
The gnoll attacks as you move away! The gnoll hits you with a +0 whip.
* * * LOW HITPOINT WARNING * * *
It was a potion of curing.
You feel better. The gnoll hits you with a +0 whip.
* * * LOW HITPOINT WARNING * * *
Ijyb screams, "Me kill you!"
It was a potion of mutation.
You feel extremely strange.
You feel stronger. The gnoll hits you but does no damage.
You slash the gnoll! You headbutt the gnoll.
You kill the gnoll!
You aren't carrying any items that you can evoke.
Unknown command.
As you read the scroll labelled GEIV TEWASI, it crumbles to dust.
Magic quickly surges around you.
It was a scroll of vulnerability.
The gnoll closely misses you.
Okay, then.
As you read the scroll labelled NIEBYO ECUZI, it crumbles to dust.
The scroll dissolves into smoke.
It was a scroll of fog.
The gnoll hits you but does no damage.
As you read the scroll labelled BATECEOBRU, it crumbles to dust.
You feel strangely unstable.
It was a scroll of teleportation.
The gnoll hits you with a +0 whip.
* * * LOW HITPOINT WARNING * * *
Your surroundings suddenly seem different.
Found a hand axe.
You start resting.
Ijyb is nearby!
Ijyb is nearby!
Ijyb is nearby!
Ijyb shouts!
You hear a shout!
Ijyb zaps a wand.
The mass of ice explodes!
The iceblast engulfs you!
* * * LOW HITPOINT WARNING * * *
Ijyb grins evilly.
A kobold comes into view. It is wielding a +0 whip.
The kobold shouts!
You feel your willpower return.
Ijyb zaps a wand.
The mass of ice explodes!
The iceblast engulfs you!
You die...

###.# ...### .# ###.###
#####.#.... # ......#
#...g.....) ).....#
#....# ......# #....#
......#### #....#
###......# #....# #
####...# #....#####.#
#....# #....@.K.#.#..
#....# ###..........~
#....# #......##.~
#...######......#
###.)...........#######.
#.###.....####<.......
#.##..###..# ####.....
#.##.## ##.# .). .....
... .


You could see Ijyb and a kobold.

Vanquished Creatures
  3 gnolls
  5 adders
  2 dart slugs (D:1)
  A worm (D:3)
  2 orcs (D:3)
  A ball python (D:2)
  7 endoplasms
  5 giant cockroaches
  4 hobgoblins
  8 kobolds
  5 bats
  4 frilled lizards
  3 goblins (D:1)
  6 rats
56 creatures vanquished.

Notes
Turn   | Place    | Note
-------+----------+-------------------------------------------
     0 | D:1      | Peloso the Minotaur Fighter began the quest for the Orb.
     0 | D:1      | Reached XP level 1. HP: 19/19 MP: 0/0
    81 | D:1      | Reached XP level 2. HP: 27/27 MP: 1/1
   500 | D:1      | Reached XP level 3. HP: 33/33 MP: 2/2
   859 | D:2      | Found a faded altar of an unknown god.
  1300 | D:2      | Reached XP level 4. HP: 33/40 MP: 3/3
  1819 | D:3      | Reached skill level 1 in Dodging
  1879 | D:3      | Noticed Ijyb
  1894 | D:3      | Gained mutation: Your muscles are strong. (Str +4, Int/Dex
                  | -1) [potion of mutation]
  1940 | D:3      | Killed from afar by Ijyb

Illustrated notes

Levels and vault maps discovered:
D:1:      ncdulo_halloftheorcs, layout_basic, minmay_cupped
D:2:      layout_loops_corners, shapermc_ecumenical_altar_mp_urbaneastern
D:3:      cheibrodos_greedy_goblins, layout_basic, nrook_mini_backslash,
          moated_statue, uniq_ijyb

Skill      XL: |  1  2  3  4 |
---------------+-------------+-----
Fighting       | 4 |  4.4
Armour         | 4 |  4.5
Long Blades    | 3 4 |  4.3
Shields        | 4 |  4.1
Dodging        | 1 |  1.0

Action                     |  1- 3 |  4- 6 || total
---------------------------+-------+-------++-------
  Melee: Long sword        |    88 |    32 ||   120
         Headbutt          |     8 |     7 ||    15
    Use: Potion            |       |     6 ||     6
         Scroll            |       |     3 ||     3
 Armour: Scale mail        |    33 |       ||    33
         Chain mail        |    10 |    19 ||    29
  Dodge: Dodged            |    36 |    12 ||    48
  Block: Buckler           |    24 |     8 ||    32
